 Dungeon Crawl Stone Soup version 0.25-b1-23-ge2ad7d536c (webtiles) character file.

Game seed: 9962170671581364319, levelgen mode: deterministic

8365 funkygono the Cleaver (level 11, -4/99 HPs)
             Began as a Deep Dwarf Fighter on June 3, 2020.
             Was a High Priest of Okawaru.
             Slain by a crocodile (10 damage)
             ... on level 8 of the Dungeon.
             The game lasted 00:24:28 (7944 turns).

funkygono the Cleaver (Deep Dwarf Fighter)          Turns: 7944, Time: 00:24:29

Health: -4/99      AC: 12    Str: 25    XL:     11   Next: 9%
Magic:  5/5        EV: 11    Int:  9    God:    Okawaru [*****.]
Gold:   52         SH: 12    Dex: 12    Spells: 10/10 levels left

rFire    . . .     SeeInvis .   a - +1 war axe
rCold    x . .     Gourm    .   c - +0 kite shield
rNeg     + . .     Faith    .   Q - +0 scale mail
rPois    .         Spirit   .   J - +2 helmet of Rotation {rC- MR+ rCorr}
rElec    .         Reflect  .   (no cloak)
rCorr    +         Harm     .   N - +0 pair of gloves (curse)
MR       ++...                  (no boots)
Stlth    ..........             r - amulet of magic regeneration
HPRegen  0.00/turn              n - ring of positive energy
MPRegen  0.34/turn              E - ring "Oxzecus" {rCorr Str+2}

@: lethally poisoned (-4 -> -4), marked, non-regenerating
A: damage resistance, heal wounds, sense surroundings 2, no regeneration
a: Heal Wounds, Heroism, Finesse, Renounce Religion


You were on level 8 of the Dungeon.
You worshipped Okawaru.
Okawaru was extremely pleased with you.
You were not hungry.

You visited 3 branches of the dungeon, and saw 12 of its levels.

You collected 532 gold pieces.
You spent 480 gold pieces at shops.

Inventory:

Hand Weapons
 a - a +1 war axe (weapon)
 b - the +6 hunting sling "Moups" {venom, rElec rN+ Str-4}
   (You bought it in a shop on level 10 of the Dungeon)

   It poisons the ammo it fires.
   It affects your strength (-4).
   It insulates you from electricity.
   It protects you from negative energy.
Missiles
 i - 295 stones (quivered)
 j - 111 sling bullets
 k - 63 bolts
Armour
 c - a +0 kite shield (worn)
 J - the +2 helmet of Rotation (worn) {rC- MR+ rCorr}
   (You bought it in a shop on level 8 of the Dungeon)

   It makes you vulnerable to cold.
   It affects your resistance to hostile enchantments.
   It provides partial protection from all sources of acid and corrosion.
 N - a cursed +0 pair of gloves (worn)
 Q - a +0 scale mail (worn)
Jewellery
 n - a ring of positive energy (left hand)
 r - an amulet of magic regeneration (around neck)
 E - the ring "Oxzecus" (right hand) {rCorr Str+2}
   (You acquired it on level 9 of the Dungeon)

   [ring of resist corrosion]

   It affects your strength (+2).
   It provides partial protection from all sources of acid and corrosion.
 G - a +4 ring of evasion
Wands
 D - a wand of enslavement (12)
 I - a wand of paralysis (7)
 L - a wand of flame (22)
 S - a wand of disintegration (13)
Scrolls
 p - 3 scrolls of amnesia
 q - 4 scrolls of teleportation
 v - 5 scrolls of remove curse
 A - 2 scrolls of immolation
 H - 2 scrolls of blinking
 R - a scroll of magic mapping
Potions
 d - 5 potions of might
 e - 2 potions of mutation
 g - 2 potions of cancellation
 h - 2 potions of resistance
 l - a potion of heal wounds
 m - 2 potions of haste
 o - 2 potions of ambrosia
 s - 4 potions of berserk rage
 x - a potion of invisibility
 B - 4 potions of curing
 F - a potion of flight
 O - a potion of stabbing
Comestibles
 f - 17 rations


   Skills:
 + Level 6.4 Fighting
 + Level 12.0 Axes
 + Level 0.3 Slings
 + Level 7.5 Armour
 + Level 5.0 Dodging
 + Level 1.8 Stealth
 + Level 9.2 Shields
 + Level 3.7 Invocations
 + Level 0.9 Evocations


You had 10 spell levels left.
You didn't know any spells.
Your spell library contained the following spells:

 Spells                   Type           Power        Failure   Level  Hunger
 Animate Skeleton         Necr           N/A          88%         1    ##.....
 Foxfire                  Conj/Fire      #...         88%         1    ##.....
 Pain                     Necr           #...         88%         1    ##.....
 Conjure Flame            Conj/Fire      #.......     99%         3    ####...
 Inner Flame              Hex/Fire       #.......     99%         3    ####...
 Vampiric Draining        Necr           #.........   99%         3    ####...
 Animate Dead             Necr           N/A          100%        4    #####..
 Sticky Flame             Conj/Fire      #.......     100%        4    #####..
 Agony                    Necr           #.......     100%        5    ######.
 Fireball                 Conj/Fire      #.........   100%        5    ######.


Dungeon Overview and Level Annotations

Branches:
Dungeon (10/15)            Temple (1/1) D:4            Lair (1/6) D:8
    Orc (0/2) D:10

Altars:
Ashenzari
Cheibriados
Dithmenos
Elyvilon
Fedhas
Gozag
Hepliaklqana
Kikubaaqudgha
Makhleb
Nemelex Xobeh
Okawaru
Qazlal
Ru
Sif Muna
Trog
Uskayaw
Vehumet
Wu Jian
Xom
Yredelemnul
Zin
The Shining One

Shops:
D:8 *   D:9 [   D:10 *!%}*


Innate Abilities, Weirdness & Mutations

You are resistant to damage.
You can heal yourself by infusing magical energy.
You passively map the area around you.
You do not regenerate.


Message History

The ice encasing you melts away. The rime drake breathes ice at you.
The flash freeze hits you!!
You feel a painful chill!
* * * LOW HITPOINT WARNING * * *
You are encased in ice.
The ice encasing you melts away.
There is a staircase back to the Dungeon here.
You block the crocodile's attack.
You climb upwards.
Welcome back to the Dungeon!
There is a staircase to the Lair here.
You slash the crocodile!
The crocodile is moderately wounded.
You block the crocodile's attack.
You barely miss the crocodile.
The crocodile is moderately wounded.
The crocodile closely misses you.
You hit the crocodile.
The crocodile is heavily wounded.
The crocodile bites you!
You die...

#.# #.......#...# ..#
###.P.....#..## ..#
###.......P....# ###
##[..♣...♣....#.###### #
##.=!....P.P...♣......# #
#..=!.....P.PPP♣......#
########..==........P........#
.................t.P.......[.#
...##...........@............#
##.....##..PP............)...#
####.......♣..........P......#
##...#####P....P..♣.PP.......#
##.### #..♣...P........#####
##[# ##.P.....P♣.P##.# ##.#
##.....P..P.##.# #..#
##...........##.# ...##
##...####.###....#


You could see a crocodile.

Vanquished Creatures
  A two-headed ogre (D:8)
  Pikel (D:5)
  An ugly thing (D:8)
  A spiny frog (Lair:1)
  2 trolls
  A hippogriff (D:10)
  A wyvern (D:8)
  A basilisk (D:8)
  A hungry ghost (D:8)
  5 yaks (D:8)
  4 porcupines (D:8)
  Duvessa (D:6)
  An orc warrior (D:6)
  A slave (D:5)
  A sky beast (D:9)
  An ice beast (D:7)
  4 black bears
  An eye of draining (D:9)
  3 ogres
  A necrophage (D:7)
  5 centaurs
  A crocodile (D:8)
  A big kobold (D:8)
  5 bullfrogs
  A water moccasin skeleton (D:7)
  3 scorpions
  Dowan (D:6)
  15 killer bees
  A howler monkey (D:9)
  A bullfrog zombie (D:10)
  A centaur zombie (D:7)
  6 hounds
  2 orc priests (D:7)
  2 bullfrog skeletons
  5 centaur skeletons
  An iguana (D:10)
  Natasha (thrice) (D:4)
  14 orc wizards
  5 worker ants
  2 hound skeletons
  3 worker ant zombies (D:5)
  A howler monkey skeleton (D:6)
  8 gnolls
  12 adders
  3 shadow imps
  An ooze (D:4)
  A worm (D:2)
  A dart slug (D:2)
  3 leopard geckos
  27 orcs
  2 giant cockroaches
  7 goblins
  10 hobgoblins
  6 jackals
  9 kobolds
  4 quokkas
  5 bats
  4 frilled lizards
  A jackal zombie (D:5)
  3 leopard gecko skeletons
  A quokka skeleton (D:4)
  5 rats
  2 bushes (D:8)
227 creatures vanquished.

Vanquished Creatures (others)
  A yak (D:8)
  An orc priest (D:7)
  A bush (D:8)
  9 plants (D:8)
12 creatures vanquished.

Grand Total: 239 creatures vanquished

Notes
Turn   | Place    | Note
-------+----------+-------------------------------------------
     0 | D:1      | funkygono the Deep Dwarf Fighter began the quest for the
                  | Orb.
     0 | D:1      | Reached XP level 1. HP: 20/20 MP: 1/1
    95 | D:1      | Reached XP level 2. HP: 17/27 MP: 2/2
   886 | D:1      | Reached XP level 3. HP: 33/33 MP: 3/3
  1054 | D:2      | Reached skill level 3 in Axes
  1468 | D:2      | Reached XP level 4. HP: 42/42 MP: 4/4
  1865 | D:3      | Found a shattered altar of Ashenzari.
  2426 | D:4      | Reached skill level 1 in Dodging
  2528 | D:4      | Reached XP level 5. HP: 38/49 MP: 4/4
  2577 | D:4      | Found a staircase to the Ecumenical Temple.
  2586 | Temple   | Entered the Ecumenical Temple
  2593 | Temple   | Became a worshipper of Warmaster Okawaru
  2691 | D:4      | Reached skill level 4 in Axes
  2692 | D:4      | Reached XP level 6. HP: 50/56 MP: 4/4
  2858 | D:4      | Noticed Natasha
  2868 | D:4      | Killed Natasha
  3194 | D:4      | Noticed Natasha
  3201 | D:4      | Killed Natasha
  3297 | D:4      | Noticed Natasha
  3301 | D:4      | Killed Natasha
  3301 | D:4      | Reached skill level 5 in Axes
  3322 | D:5      | Entered Level 5 of the Dungeon
  3449 | D:5      | Reached skill level 5 in Shields
  3478 | D:5      | Reached * piety under Okawaru
  3518 | D:5      | Reached XP level 7. HP: 34/62 MP: 5/5
  3715 | D:5      | Reached skill level 6 in Axes
  3725 | D:5      | Found a sacrificial altar of Ru.
  3844 | D:5      | Reached skill level 5 in Armour
  3857 | D:5      | Noticed Pikel
  3880 | D:5      | Killed Pikel
  3880 | D:5      | Reached ** piety under Okawaru
  3880 | D:5      | Reached skill level 7 in Axes
  3880 | D:5      | Reached XP level 8. HP: 63/72 MP: 5/5
  4202 | D:6      | Found an opulent altar of Gozag.
  4308 | D:6      | Reached skill level 8 in Axes
  4655 | D:6      | Noticed Duvessa
  4655 | D:6      | Noticed Dowan
  4660 | D:6      | Killed Dowan
  4660 | D:6      | Reached skill level 1 in Invocations
  4669 | D:6      | Killed Duvessa
  4669 | D:6      | Reached *** piety under Okawaru
  4669 | D:6      | Gained mutation: You passively map the area around you.
                  | [Deep Dwarf growth]
  4669 | D:6      | Reached XP level 9. HP: 79/79 MP: 5/5
  5141 | D:7      | Reached skill level 9 in Axes
  5864 | D:8      | Reached skill level 5 in Fighting
  5864 | D:8      | Reached skill level 10 in Axes
  5993 | D:8      | Reached skill level 1 in Stealth
  6027 | D:8      | Found a staircase to the Lair.
  6075 | D:8      | Reached **** piety under Okawaru
  6083 | D:8      | Reached XP level 10. HP: 31/88 MP: 6/6
  6377 | D:8      | Reached skill level 11 in Axes
  6437 | D:8      | Found Atust's Assorted Antiques.
  6438 | D:8      | Noticed a white ugly thing
  6464 | D:8      | Killed a white ugly thing
  6464 | D:8      | Reached ***** piety under Okawaru
  6469 | D:8      | Noticed a two-headed ogre
  6481 | D:8      | Killed a two-headed ogre
  6496 | D:8      | Bought a translucent helmet for 266 gold pieces
  6501 | D:8      | Identified the +2 helmet of Rotation {rC- MR+ rCorr} (You
                  | bought it in a shop on level 8 of the Dungeon)
  7175 | D:9      | Found Enoskaem's Antique Armour Emporium.
  7241 | D:9      | Found a sacrificial altar of Ru.
  7336 | D:9      | Identified a scroll of acquirement
  7337 | D:9      | Got the ring "Oxzecus" {rCorr Str+2}
  7347 | D:10     | Entered Level 10 of the Dungeon
  7349 | D:10     | Found Sedum's Gadget Boutique.
  7352 | D:10     | Bought a wand of flame (7) for 58 gold pieces
  7361 | D:10     | Found Qiasha's Distillery.
  7419 | D:10     | Found Teiskupia's Assorted Antiques.
  7428 | D:10     | Bought an iridescent hunting sling for 156 gold pieces
  7428 | D:10     | Identified the +6 hunting sling "Moups" {venom, rElec rN+
                  | Str-4} (You bought it in a shop on level 10 of the Dungeon)
  7499 | D:10     | Found Gugudoz's Food Shop.
  7558 | D:10     | Reached XP level 11. HP: 83/98 MP: 5/5
  7595 | D:10     | Found Muosaito's Assorted Antiques.
  7700 | D:10     | Reached skill level 5 in Dodging
  7706 | D:10     | Found a staircase to the Orcish Mines.
  7912 | Lair:1   | Entered Level 1 of the Lair of Beasts
  7929 | Lair:1   | Reached skill level 12 in Axes
  7944 | D:8      | Slain by a crocodile

Illustrated notes

Levels and vault maps discovered:
D:1:      lightli_arrival_isolated_outpost, layout_basic
D:2:      layout_rooms
D:3:      layout_loops_corners, chequers_serial_rivers_room_b,
          cheibrodos_ashenzari_chains
D:4:      layout_cave_pods, minmay_temple_entry_statues_fountains, uniq_natasha
D:5:      layout_basic, first_ration, hangedman_ru_absence, uniq_pikel
D:6:      layout_basic, grunt_gozag_statues, uniq_duvessa
D:7:      layout_loops_ring
D:8:      layout_rooms, minmay_lair_entry_grove, serial_shops, shop
D:9:      layout_roguey, marbit_many_paths, serial_shops, shop
D:10:     layout_roguey, orc_0_dummy, serial_shops, shop, nicolae_shop_crystal,
          nicolae_shop_behind_doors, shop, nicolae_shop_trees
Temple:   dpeg_three_leaves_temple
Lair:1:   layout_cave_pods

Skill      XL: |  1  2  3  4  5  6  7  8  9 10 11 |
---------------+----------------------------------+-----
Fighting       | 3 4 5 6 |  6.4
Axes           | 3 4 5 7 8 10 11 12 | 12.0
Shields        | 4 5 6 7 9 |  9.2
Dodging        | 1 2 3 4 5 |  5.0
Armour         | 4 5 6 7 |  7.5
Invocations    | 1 3 |  3.7
Stealth        | 1 |  1.8
Slings         | |  0.3
Evocations     | |  0.9

Action                   |  1- 3 |  4- 6 |  7- 9 | 10-12 || total
-------------------------+-------+-------+-------+-------++-------
Melee: War axe           |   242 |   242 |   329 |   328 ||  1141
 Fire: Hunting sling     |       |       |       |    11 ||    11
Throw: Stone             |       |     1 |       |     1 ||     2
Invok: Heroism           |       |       |    18 |    17 ||    35
 Abil: Heal Wounds       |     4 |     5 |    12 |     7 ||    28
Evoke: Wand              |       |       |     3 |     8 ||    11
  Use: Scroll            |       |     9 |     9 |     5 ||    23
 Stab: Sleeping          |       |       |     1 |     1 ||     2
       Paralysed         |       |       |       |     2 ||     2
  Eat: Chunk             |     3 |     7 |     4 |     4 ||    18
       Ration            |       |       |     2 |     1 ||     3
Armor: Scale mail        |    92 |    95 |    59 |    27 ||   273
Dodge: Dodged            |    81 |    76 |   121 |   116 ||   394
Block: Kite shield       |   140 |   127 |   164 |   140 ||   571
